Carnivores vs Rafales
Created - February 20, 2019 at 19:54
Goals
|
| Carnivores |
2 |
1 |
1 |
4 |
| Rafales |
1 |
2 |
4 |
7 |
|
Shots
|
| Carnivores |
10 |
3 |
17 |
30 |
| Rafales |
8 |
22 |
16 |
46 |
|
1st period
1. Carnivores , Nikita Alexeev 20 (Mattias Backman 8) at 4:23
2. Carnivores , Chris Lawrence 15 (Jeremy Welsh 25, Nate Schmidt 29) at 8:35
3. Rafales , Joey Laleggia 2 (Chris Terry 14, Stefan Chaput 1) at 13:37
Penalties :
Blake Geoffrion (Bre) for Holding (Minor) at 14:28
2nd period
4. Rafales , Mike Zigomanis 37 (Matt Gilroy 29, Michael Ryder 22) at 0:50
5. Carnivores , Jeremy Welsh 18 (Chris Lawrence 29, David Fischer 20) at 1:02
6. Rafales , James Sheppard 13 (Milan Bartovic 27) at 1:42
Penalties :
Scott Laughton (Bre) for High sticking (Double Minor) at 17:46
3rd period
7. Rafales , Michael Ryder 16 (Cody McLeod 56, Mike Zigomanis 50) at 0:08 (PP)
8. Rafales , Cody McLeod 43 (Michael Ryder 23, Mike Zigomanis 51) at 0:42 (PP)
9. Carnivores , Anton Gustafsson 11 (Nikita Alexeev 26, Mattias Backman 9) at 5:01
10. Rafales , James Sheppard 14 (Nathan Davis 34) at 6:06 (PP)
11. Rafales , James Sheppard 15 (Milan Bartovic 28, Nathan Davis 35) at 11:37 (PP)
Penalties :
Nikita Alexeev (Bre) for Hooking (Minor) at 0:30, Jeremy Welsh (Bre) for Hooking (Minor) at 5:20, Mark McNeill (Bre) for Roughing (Minor) at 10:19, Nate Schmidt (Bre) for Hooking (Minor) at 12:01, Nikita Alexeev (Bre) for Roughing (Minor) at 18:51
Goalie Stats
Anders Lindback (Bre), 39 saves from 46 shots - (0.848), L, 18-15-2, 60:00 minutes
Leland Irving (Stf), 26 saves from 30 shots - (0.867), W, 27-18-1, 60:00 minutes
Players Stats for Carnivores
Player Name G A P +/- PIM S H SB GA TA FO MP PP MP PK MP
------------------------------------------------------------------------------------
Adam Almquist 0 0 0 0 0 0 1 0 0 0 0/0 10:44 0:00 0:00
Anton Gustafsson 1 0 1 1 0 4 2 2 0 0 22/40 23:58 0:00 5:33
Blake Geoffrion 0 0 0 1 2 4 2 1 0 0 0/0 18:35 0:00 0:00
Chris Lawrence 1 1 2 1 0 3 0 0 2 0 2/4 20:23 0:00 5:54
Curtis Lazar 0 0 0 0 0 0 0 0 0 0 0/0 0:00 0:00 0:00
David Fischer 0 1 1 0 0 3 2 2 0 5 0/0 29:27 0:00 6:12
David Schlemko 0 0 0 0 0 0 3 1 0 0 0/0 14:49 0:00 3:32
Elias Lindholm 0 0 0 -1 0 0 1 0 0 0 0/4 9:07 0:00 0:00
Hunter Shinkaruk 0 0 0 0 0 0 0 0 0 0 0/0 7:56 0:00 0:20
Jeremy Welsh 1 1 2 1 2 4 1 0 0 0 0/0 14:28 0:00 0:00
Jeremy Williams 0 0 0 0 0 3 2 0 1 0 0/0 7:36 0:00 0:00
Mark McNeill 0 0 0 -1 2 3 0 0 1 0 1/1 10:42 0:00 1:36
Mat Clark 0 0 0 1 0 0 1 3 0 1 0/0 19:16 0:00 3:32
Mattias Backman 0 2 2 1 0 0 0 1 0 3 0/0 17:48 0:00 1:40
Nate Schmidt 0 1 1 0 2 1 0 4 0 1 0/0 24:19 0:00 4:32
Nicolas Kerdiles 0 0 0 -1 0 1 2 0 2 0 1/1 13:03 0:00 3:17
Nikita Alexeev 1 1 2 1 4 3 3 0 6 0 1/2 18:23 0:00 0:00
Ryan Pulock 0 0 0 0 0 0 0 0 0 0 0/0 4:04 0:00 0:00
Scott Laughton 0 0 0 1 4 0 3 0 1 0 9/18 17:30 0:00 2:23
Zack Smith 0 0 0 0 0 1 3 1 0 0 2/2 8:01 0:00 0:25
Players Stats for Rafales
Player Name G A P +/- PIM S H SB GA TA FO MP PP MP PK MP
------------------------------------------------------------------------------------
Akim Aliu 0 0 0 0 0 0 0 0 0 0 0/0 10:37 0:00 0:00
Cedric Paquette 0 0 0 0 0 0 1 0 0 0 1/1 6:33 0:23 0:00
Chris Terry 0 1 1 0 0 3 3 1 1 0 0/0 11:22 0:37 0:00
Cody McLeod 1 1 2 -1 0 5 4 0 2 1 2/3 24:04 4:55 0:00
Connor Murphy 0 0 0 0 0 6 0 0 0 2 0/0 29:07 4:57 0:00
Dennis Persson 0 0 0 -1 0 0 0 1 0 0 0/0 10:28 0:00 0:00
Dylan McIlrath 0 0 0 -1 0 1 1 0 0 0 0/0 10:28 0:00 0:00
James Marcou 0 0 0 0 0 2 3 0 1 0 0/0 7:02 0:44 0:00
James Sheppard 3 0 3 0 0 6 0 0 2 0 0/2 18:24 4:12 0:00
Joey Laleggia 1 0 1 0 0 1 0 2 0 4 0/0 20:25 4:47 0:00
Julian Melchiori 0 0 0 0 0 2 0 1 0 0 0/0 20:25 4:47 0:00
Maksim Mayorov 0 0 0 0 0 0 1 0 1 0 0/1 6:10 0:00 0:00
Matt Gilroy 0 1 1 0 0 1 1 0 1 4 0/0 29:07 4:57 0:00
Michael Ryder 1 2 3 -1 0 6 1 0 0 1 0/0 23:57 4:48 0:00
Mike Zigomanis 1 2 3 -1 0 6 1 0 2 1 16/34 24:26 5:09 0:00
Milan Bartovic 0 2 2 0 0 2 1 0 0 0 0/0 18:24 4:12 0:00
Nathan Davis 0 2 2 0 0 3 2 0 0 0 11/25 18:24 4:12 0:00
Stefan Chaput 0 1 1 0 0 2 1 0 0 0 4/6 10:37 0:00 0:00
3 Stars
1 - James Sheppard (Stf)
2 - Michael Ryder (Stf)
3 - Mike Zigomanis (Stf)
Power Play
Carnivores - 0 on 0 Attempt(s) - 0.00%
Rafales - 4 on 8 Attempt(s) - 50.00%
Penalty Kill
Carnivores - 4 on 8 Attempt(s) - 50.00%
- Score 0 goal in Penalty Kill
Rafales - 0 on 0 Attempt(s) - 0.00%
- Score 0 goal in Penalty Kill
Team Stat
Carnivores - Hits : 26 - Faceoff Wins : 38 - Blocked Shots : 15 - Penalty Minutes : 16
Rafales - Hits : 20 - Faceoff Wins : 34 - Blocked Shots : 5 - Penalty Minutes : 0
Official
Referees : Unknown
Linesman : Unknown
Game Notes
James Sheppard has scored a Hat Trick!
Finance
Level 1 -- Attendance: 1600 (80.00%) -- Ticket Income $64,000
Level 2 -- Attendance: 693 (69.30%) -- Ticket Income $13,860
Total Attendance: 2293 (76.43%)
Total Ticket Income: $77,860
Other Income: $3,893
Total Income: $81,753
Carnivores
5 vs 5 Forward
Center Left Wing Right Wing Time % Phy DF OF
1 Anton Gustafsson Blake Geoffrion Nikita Alexeev 40 1 2 2
2 Scott Laughton Jeremy Welsh Chris Lawrence 30 1 2 2
3 Elias Lindholm Nicolas Kerdiles Mark McNeill 20 1 2 2
4 Zack Smith Hunter Shinkaruk Jeremy Williams 10 1 2 2
5 vs 5 Defense
Defense Defense Time % Phy DF OF
1 David Fischer Nate Schmidt 40 1 2 2
2 Mattias Backman Mat Clark 30 1 2 2
3 Adam Almquist David Schlemko 20 1 2 2
4 David Fischer Ryan Pulock 10 1 2 2
PowerPlay Forward
Center Left Wing Right Wing Time % Phy DF OF
1 Anton Gustafsson Blake Geoffrion Nikita Alexeev 60 1 2 2
2 Scott Laughton Jeremy Welsh Jeremy Williams 40 1 2 2
PowerPlay Defense
Defense Defense Time % Phy DF OF
1 David Fischer Nate Schmidt 60 1 2 2
2 Ryan Pulock Mat Clark 40 1 2 2
Penalty Kill 4 Players Forward
Center Wing Time % Phy DF OF
1 Anton Gustafsson Chris Lawrence 60 1 2 2
2 Scott Laughton Nicolas Kerdiles 40 1 2 2
Penalty Kill 4 Players Defense
Defense Defense Time % Phy DF OF
1 David Fischer Nate Schmidt 60 1 2 2
2 David Schlemko Mat Clark 40 1 2 2
Penalty Kill - 3 Players Forward
Forward Time % Phy DF OF
1 Anton Gustafsson 60 1 2 2
2 Chris Lawrence 40 1 2 2
Penalty Kill - 3 Players Defense
Defense Defense Time % Phy DF OF
1 David Fischer Nate Schmidt 60 1 2 2
2 David Schlemko Mat Clark 40 1 2 2
4 vs 4 Forward
Center Wing Time % Phy DF OF
1 Anton Gustafsson Blake Geoffrion 60 1 2 2
2 Scott Laughton Nicolas Kerdiles 40 1 2 2
4 vs 4 Defense
Defense Defense Time % Phy DF OF
1 Ryan Pulock Nate Schmidt 60 1 2 2
2 Mattias Backman Mat Clark 40 1 2 2
Last Minutes Offensive
Center Left Wing Right Wing Defense Defense
Scott Laughton Blake Geoffrion Jeremy Williams Ryan Pulock Nate Schmidt
Last Minutes Defensive
Center Left Wing Right Wing Defense Defense
Zack Smith Blake Geoffrion Jeremy Williams David Fischer Nate Schmidt
Goaltenders
Starting : Anders Lindback
Backup : Niklas Svedberg
Extra Forwards
Normal : Curtis Lazar, Zack Smith, Nicolas Kerdiles - PP : Curtis Lazar, Nicolas Kerdiles - PK : Mark McNeill
Extra Defensemen
Normal : Mattias Backman, Mat Clark, Adam Almquist - PP : Mattias Backman - PK : Mattias Backman, Adam Almquist
Penalty Shots
Blake Geoffrion, Scott Laughton, Curtis Lazar, Hunter Shinkaruk, Zack Smith
Scratches
Stanislav Galiev (Healthy), Mark MacMillan (Healthy), Tyler Graovac (Healthy), Sasha Pokulok (Healthy), Troy Bourke (Healthy)
Alexandre Mallet (Healthy), Michael Schumacher (Healthy), T.J Brodie (Sprained Right Knee Injury), Tristan Jarry (Healthy)
Rafales
5 vs 5 Forward
Center Left Wing Right Wing Time % Phy DF OF
1 Mike Zigomanis Cody McLeod Michael Ryder 40 0 1 4
2 Nathan Davis James Sheppard Milan Bartovic 30 1 1 3
3 Stefan Chaput Chris Terry Akim Aliu 20 1 1 3
4 Cedric Paquette Maksim Mayorov James Marcou 10 2 1 2
5 vs 5 Defense
Defense Defense Time % Phy DF OF
1 Matt Gilroy Connor Murphy 40 1 3 1
2 Julian Melchiori Joey Laleggia 30 1 3 1
3 Dylan McIlrath Dennis Persson 20 1 3 1
4 Matt Gilroy Connor Murphy 10 1 3 1
PowerPlay Forward
Center Left Wing Right Wing Time % Phy DF OF
1 Mike Zigomanis Cody McLeod Michael Ryder 60 0 0 5
2 Nathan Davis James Sheppard Milan Bartovic 40 0 0 5
PowerPlay Defense
Defense Defense Time % Phy DF OF
1 Matt Gilroy Connor Murphy 60 0 1 4
2 Julian Melchiori Joey Laleggia 40 0 2 3
Penalty Kill 4 Players Forward
Center Wing Time % Phy DF OF
1 Mike Zigomanis Cody McLeod 60 0 3 2
2 Michael Ryder James Sheppard 40 0 4 1
Penalty Kill 4 Players Defense
Defense Defense Time % Phy DF OF
1 Matt Gilroy Connor Murphy 60 2 3 0
2 Julian Melchiori Joey Laleggia 40 1 4 0
Penalty Kill - 3 Players Forward
Forward Time % Phy DF OF
1 Mike Zigomanis 60 1 4 0
2 Cody McLeod 40 1 4 0
Penalty Kill - 3 Players Defense
Defense Defense Time % Phy DF OF
1 Matt Gilroy Connor Murphy 60 1 4 0
2 Julian Melchiori Joey Laleggia 40 1 4 0
4 vs 4 Forward
Center Wing Time % Phy DF OF
1 Mike Zigomanis Cody McLeod 60 1 1 3
2 Michael Ryder James Sheppard 40 1 1 3
4 vs 4 Defense
Defense Defense Time % Phy DF OF
1 Matt Gilroy Connor Murphy 60 1 3 1
2 Julian Melchiori Joey Laleggia 40 1 3 1
Last Minutes Offensive
Center Left Wing Right Wing Defense Defense
Mike Zigomanis Cody McLeod Michael Ryder Matt Gilroy Connor Murphy
Last Minutes Defensive
Center Left Wing Right Wing Defense Defense
Mike Zigomanis Cody McLeod Michael Ryder Matt Gilroy Connor Murphy
Goaltenders
Starting : Leland Irving
Backup : Sean Maguire
Extra Forwards
Normal : Mike Zigomanis, Cody McLeod, Michael Ryder - PP : Mike Zigomanis, Cody McLeod - PK : James Sheppard
Extra Defensemen
Normal : Dylan McIlrath, Dennis Persson, Julian Melchiori - PP : Dylan McIlrath - PK : Dennis Persson, Julian Melchiori
Penalty Shots
Mike Zigomanis, Cody McLeod, Michael Ryder, James Sheppard, Milan Bartovic
Scratches
Ben Sexton (Healthy), Brian Ferlin (Healthy), Ryan Bourque (Healthy), Carl Klingberg (Back Spasms Injury), Ben Johnson (Healthy)
Jayson Megna (Healthy), Slater Koekkoek (Separated Right Shoulder Injury), Brad Ross (Healthy), Ben Thomson (Healthy), Tyrell Goulbourne (Healthy)
David Broll (Healthy), Kevin Veilleux (Bruised Right Leg Injury), Chris Driedger (Healthy)
% Time on Ice - Carnivores
Lines # - Real PCT - Wanted PCT - Time Play
Normal Forward
1 - 37% - 40% - 18:36
2 - 30% - 30% - 14:57
3 - 18% - 20% - 9:07
4 - 15% - 10% - 7:36
Normal Defense
1 - 40% - 40% - 20:07
2 - 31% - 30% - 15:21
3 - 21% - 20% - 10:44
4 - 8% - 10% - 4:04
PP Forward
1 - 0% - 60%
2 - 0% - 40%
PP Defense
1 - 0% - 60%
2 - 0% - 40%
PK Forward
1 - 76% - 60% - 7:21
2 - 24% - 40% - 2:23
PK Defense
1 - 64% - 60% - 6:12
2 - 36% - 40% - 3:32
PK3 Forward
1 - 0% - 60%
2 - 0% - 40%
PK3 Defense
1 - 0% - 60%
2 - 0% - 40%
44 Forward
1 - 0% - 60%
2 - 0% - 40%
44 Defense
1 - 0% - 60%
2 - 0% - 40%
Last Minute Offensive - 0:00
Last Minute Defensive - 0:00
Total
Forward - 60:00
Defense - 60:00
|
% Time on Ice - Rafales
Lines # - Real PCT - Wanted PCT - Time Play
Normal Forward
1 - 38% - 40% - 19:17
2 - 28% - 30% - 14:12
3 - 21% - 20% - 10:37
4 - 12% - 10% - 6:10
Normal Defense
1 - 41% - 40% - 20:33
2 - 31% - 30% - 15:38
3 - 21% - 20% - 10:28
4 - 7% - 10% - 3:37
PP Forward
1 - 57% - 60% - 5:32
2 - 43% - 40% - 4:12
PP Defense
1 - 51% - 60% - 4:57
2 - 49% - 40% - 4:47
PK Forward
1 - 0% - 60%
2 - 0% - 40%
PK Defense
1 - 0% - 60%
2 - 0% - 40%
PK3 Forward
1 - 0% - 60%
2 - 0% - 40%
PK3 Defense
1 - 0% - 60%
2 - 0% - 40%
44 Forward
1 - 0% - 60%
2 - 0% - 40%
44 Defense
1 - 0% - 60%
2 - 0% - 40%
Last Minute Offensive - 0:00
Last Minute Defensive - 0:00
Total
Forward - 60:00
Defense - 60:00
|
Play-by-Play
1st period
0:01 of 1st period - Mike Zigomanis wins face-off versus Anton Gustafsson in neutral zone.
1:42 of 1st period - Julian Melchiori is hit by Anton Gustafsson and loses puck.
2:33 of 1st period - Dennis Persson is hit by Zack Smith and loses puck.
3:02 of 1st period - Blake Geoffrion is hit by James Marcou.
3:43 of 1st period - Wrist shot by Nicolas Kerdiles.
3:43 of 1st period - Shot Misses the Net.
3:45 of 1st period - Slapshot by David Fischer.
3:45 of 1st period - Stopped by Leland Irving without a rebound.
3:46 of 1st period - Nicolas Kerdiles wins face-off versus Mike Zigomanis in Rafales zone.
4:11 of 1st period - Wrist shot by Mark McNeill.
4:11 of 1st period - Stopped by Leland Irving with a rebound.
4:19 of 1st period - Slapshot by Mark McNeill.
4:19 of 1st period - Stopped by Leland Irving without a rebound.
4:20 of 1st period - Nathan Davis wins face-off versus Anton Gustafsson in Rafales zone.
4:23 of 1st period - Snap shot by Nikita Alexeev.
4:23 of 1st period - Goal by Nikita Alexeev - Carnivores : 1 - Rafales : 0.
4:24 of 1st period - Anton Gustafsson wins face-off versus Nathan Davis in neutral zone.
4:37 of 1st period - Wrist shot by Blake Geoffrion.
4:37 of 1st period - Stopped by Leland Irving with a rebound.
4:39 of 1st period - Backhand shot by David Fischer.
4:39 of 1st period - Deflect By Connor Murphy.
4:39 of 1st period - Stopped by Leland Irving with a rebound.
4:49 of 1st period - Nate Schmidt is hit by Mike Zigomanis and loses puck.
5:16 of 1st period - Wrist shot by Chris Terry.
5:16 of 1st period - Shot Blocked by Mattias Backman.
5:45 of 1st period - Off-side.
5:46 of 1st period - Nathan Davis wins face-off versus Elias Lindholm in neutral zone.
5:53 of 1st period - Slapshot by Milan Bartovic.
5:53 of 1st period - Stopped by Anders Lindback without a rebound.
5:54 of 1st period - Anton Gustafsson wins face-off versus Mike Zigomanis in Carnivores zone.
6:07 of 1st period - Wrist shot by Cody McLeod.
6:07 of 1st period - Shot Blocked by Anton Gustafsson.
6:09 of 1st period - Snap shot by Michael Ryder.
6:09 of 1st period - Deflect By Mike Zigomanis.
6:09 of 1st period - Shot Misses the Net.
6:09 of 1st period - Puck is out of play.
6:10 of 1st period - Scott Laughton wins face-off versus Nathan Davis in Carnivores zone.
6:35 of 1st period - Cody McLeod is hit by Anton Gustafsson and loses puck.
6:44 of 1st period - David Schlemko is hit by Cody McLeod and loses puck.
7:01 of 1st period - Julian Melchiori is hit by Adam Almquist and loses puck.
7:29 of 1st period - Elias Lindholm is hit by Cedric Paquette and loses puck.
8:12 of 1st period - Snap shot by Cody McLeod.
8:12 of 1st period - Stopped by Anders Lindback with a rebound.
8:18 of 1st period - Connor Murphy is hit by Nikita Alexeev and loses puck.
8:35 of 1st period - Wrist shot by Chris Lawrence.
8:35 of 1st period - Goal by Chris Lawrence - Carnivores : 2 - Rafales : 0.
8:36 of 1st period - Mike Zigomanis wins face-off versus Anton Gustafsson in neutral zone.
9:31 of 1st period - James Marcou is hit by Jeremy Williams and loses puck.
9:52 of 1st period - Off-side.
9:53 of 1st period - Cody McLeod wins face-off versus Scott Laughton in neutral zone.
10:31 of 1st period - Snap shot by Anton Gustafsson.
10:31 of 1st period - Stopped by Leland Irving with a rebound.
10:48 of 1st period - Wrist shot by Jeremy Williams.
10:48 of 1st period - Shot Blocked by Dennis Persson.
10:50 of 1st period - Slapshot by David Schlemko.
10:50 of 1st period - Shot Misses the Net.
10:57 of 1st period - Icing by Dylan McIlrath.
10:58 of 1st period - Stefan Chaput wins face-off versus Elias Lindholm in Rafales zone.
11:30 of 1st period - Milan Bartovic is hit by Mat Clark and loses puck.
11:43 of 1st period - Nate Schmidt is hit by Chris Terry and loses puck.
11:54 of 1st period - Wrist shot by Stefan Chaput.
11:54 of 1st period - Stopped by Anders Lindback with a rebound.
11:56 of 1st period - Wrist shot by Chris Terry.
11:56 of 1st period - Shot Misses the Net.
12:10 of 1st period - Maksim Mayorov is hit by Jeremy Williams.
12:15 of 1st period - Off-side.
12:16 of 1st period - Mike Zigomanis wins face-off versus Anton Gustafsson in neutral zone.
12:23 of 1st period - Wrist shot by Cody McLeod.
12:23 of 1st period - Shot Blocked by David Schlemko.
12:45 of 1st period - Off-side.
12:46 of 1st period - Nathan Davis wins face-off versus Scott Laughton in neutral zone.
12:49 of 1st period - Wrist shot by James Sheppard.
12:49 of 1st period - Stopped by Anders Lindback with a rebound.
13:15 of 1st period - Wrist shot by Michael Ryder.
13:15 of 1st period - Shot Misses the Net.
13:35 of 1st period - Wrist shot by Chris Terry.
13:35 of 1st period - Stopped by Anders Lindback with a rebound.
13:37 of 1st period - Snap shot by Joey Laleggia.
13:37 of 1st period - Goal by Joey Laleggia - Carnivores : 2 - Rafales : 1.
13:38 of 1st period - Anton Gustafsson wins face-off versus Mike Zigomanis in neutral zone.
13:43 of 1st period - Snap shot by Anton Gustafsson.
13:43 of 1st period - Shot Misses the Net.
14:28 of 1st period - Minor Penalty to Blake Geoffrion for Holding.
14:29 of 1st period - Anton Gustafsson wins face-off versus Mike Zigomanis in Carnivores zone.
16:28 of 1st period - Penalty to Blake Geoffrion is over, Blake Geoffrion is back on ice.
16:46 of 1st period - Snap shot by Zack Smith.
16:46 of 1st period - Shot Misses the Net.
16:48 of 1st period - Slapshot by Hunter Shinkaruk.
16:48 of 1st period - Shot Misses the Net.
16:50 of 1st period - Wrist shot by David Fischer.
16:50 of 1st period - Shot Misses the Net.
16:52 of 1st period - Backhand shot by David Fischer.
16:52 of 1st period - Stopped by Leland Irving without a rebound.
16:53 of 1st period - Zack Smith wins face-off versus Maksim Mayorov in Rafales zone.
16:54 of 1st period - Snap shot by Jeremy Williams.
16:54 of 1st period - Shot Blocked by Julian Melchiori.
17:04 of 1st period - Snap shot by Jeremy Williams.
17:04 of 1st period - Deflect By Zack Smith.
17:04 of 1st period - Stopped by Leland Irving without a rebound.
17:05 of 1st period - Anton Gustafsson wins face-off versus Nathan Davis in Rafales zone.
17:18 of 1st period - Snap shot by Nathan Davis.
17:18 of 1st period - Shot Blocked by Anton Gustafsson.
17:54 of 1st period - Elias Lindholm is hit by Dylan McIlrath and loses puck.
18:18 of 1st period - Julian Melchiori is hit by David Fischer and loses puck.
18:39 of 1st period - Wrist shot by Nathan Davis.
18:39 of 1st period - Stopped by Anders Lindback with a rebound.
18:41 of 1st period - Slapshot by Milan Bartovic.
18:41 of 1st period - Shot Misses the Net.
18:55 of 1st period - Michael Ryder is hit by Scott Laughton and loses puck.
19:22 of 1st period - Wrist shot by Chris Terry.
19:22 of 1st period - Stopped by Anders Lindback with a rebound.
19:35 of 1st period - Icing by Matt Gilroy.
19:36 of 1st period - Zack Smith wins face-off versus James Sheppard in Rafales zone.
Goals for this period are 2 for Carnivores vs 1 for Rafales.
Shots for this period are 10 for Carnivores vs 8 for Rafales.
2nd period
0:01 of 2nd period - Mike Zigomanis wins face-off versus Anton Gustafsson in neutral zone.
0:30 of 2nd period - Off-side.
0:31 of 2nd period - Nathan Davis wins face-off versus Scott Laughton in neutral zone.
0:38 of 2nd period - Slapshot by Nathan Davis.
0:38 of 2nd period - Deflect By James Sheppard.
0:38 of 2nd period - Stopped by Anders Lindback without a rebound.
0:39 of 2nd period - Mike Zigomanis wins face-off versus Nikita Alexeev in Carnivores zone.
0:44 of 2nd period - Wrist shot by Michael Ryder.
0:44 of 2nd period - Shot Blocked by Blake Geoffrion.
0:46 of 2nd period - Slapshot by Matt Gilroy.
0:46 of 2nd period - Shot Misses the Net.
0:48 of 2nd period - Backhand shot by Matt Gilroy.
0:48 of 2nd period - Shot Blocked by Mat Clark.
0:50 of 2nd period - Snap shot by Mike Zigomanis.
0:50 of 2nd period - Goal by Mike Zigomanis - Carnivores : 2 - Rafales : 2.
0:51 of 2nd period - Scott Laughton wins face-off versus Mike Zigomanis in neutral zone.
1:02 of 2nd period - Wrist shot by Jeremy Welsh.
1:02 of 2nd period - Goal by Jeremy Welsh - Carnivores : 3 - Rafales : 2.
1:03 of 2nd period - Mike Zigomanis wins face-off versus Anton Gustafsson in neutral zone.
1:42 of 2nd period - Wrist shot by James Sheppard.
1:42 of 2nd period - Goal by James Sheppard - Carnivores : 3 - Rafales : 3.
1:43 of 2nd period - Mike Zigomanis wins face-off versus Anton Gustafsson in neutral zone.
2:03 of 2nd period - Mike Zigomanis is hit by Nikita Alexeev and loses puck.
2:23 of 2nd period - Off-side.
2:24 of 2nd period - Stefan Chaput wins face-off versus Elias Lindholm in neutral zone.
3:54 of 2nd period - Snap shot by Stefan Chaput.
3:54 of 2nd period - Stopped by Anders Lindback with a rebound.
3:56 of 2nd period - Slapshot by Connor Murphy.
3:56 of 2nd period - Deflect By Chris Terry.
3:56 of 2nd period - Shot Misses the Net.
3:56 of 2nd period - Puck is out of play.
3:57 of 2nd period - Anton Gustafsson wins face-off versus Stefan Chaput in Carnivores zone.
4:11 of 2nd period - Icing by Stefan Chaput.
4:12 of 2nd period - Stefan Chaput wins face-off versus Scott Laughton in Rafales zone.
4:12 of 2nd period - Stefan Chaput is hit by David Fischer.
4:20 of 2nd period - Wrist shot by Stefan Chaput.
4:20 of 2nd period - Shot Misses the Net.
4:22 of 2nd period - Slapshot by Joey Laleggia.
4:22 of 2nd period - Shot Blocked by Nate Schmidt.
4:24 of 2nd period - Slapshot by Joey Laleggia.
4:24 of 2nd period - Shot Misses the Net.
4:26 of 2nd period - Snap shot by Julian Melchiori.
4:26 of 2nd period - Deflect By Chris Lawrence.
4:26 of 2nd period - Stopped by Anders Lindback without a rebound.
4:27 of 2nd period - Mike Zigomanis wins face-off versus Anton Gustafsson in Carnivores zone.
4:56 of 2nd period - Snap shot by Michael Ryder.
4:56 of 2nd period - Stopped by Anders Lindback with a rebound.
4:58 of 2nd period - Slapshot by Julian Melchiori.
4:58 of 2nd period - Stopped by Anders Lindback without a rebound.
4:59 of 2nd period - Nathan Davis wins face-off versus Scott Laughton in Carnivores zone.
5:27 of 2nd period - Wrist shot by Milan Bartovic.
5:27 of 2nd period - Shot Blocked by Mat Clark.
5:29 of 2nd period - Snap shot by Nathan Davis.
5:29 of 2nd period - Stopped by Anders Lindback without a rebound.
5:30 of 2nd period - Anton Gustafsson wins face-off versus Mike Zigomanis in Carnivores zone.
5:37 of 2nd period - Slapshot by Nate Schmidt.
5:37 of 2nd period - Deflect By Nikita Alexeev.
5:37 of 2nd period - Shot Misses the Net.
5:37 of 2nd period - Puck is out of play.
5:38 of 2nd period - Anton Gustafsson wins face-off versus Mike Zigomanis in Rafales zone.
6:13 of 2nd period - Slapshot by Nikita Alexeev.
6:13 of 2nd period - Shot Misses the Net.
6:23 of 2nd period - Snap shot by Cody McLeod.
6:23 of 2nd period - Stopped by Anders Lindback with a rebound.
6:25 of 2nd period - Slapshot by Connor Murphy.
6:25 of 2nd period - Shot Misses the Net.
6:27 of 2nd period - Wrist shot by Michael Ryder.
6:27 of 2nd period - Shot Blocked by David Fischer.
6:29 of 2nd period - Wrist shot by Mike Zigomanis.
6:29 of 2nd period - Shot Blocked by Nate Schmidt.
6:31 of 2nd period - Slapshot by Matt Gilroy.
6:31 of 2nd period - Shot Misses the Net.
6:33 of 2nd period - Snap shot by Mike Zigomanis.
6:33 of 2nd period - Stopped by Anders Lindback with a rebound.
6:35 of 2nd period - Slapshot by Matt Gilroy.
6:35 of 2nd period - Stopped by Anders Lindback with a rebound.
6:37 of 2nd period - Wrist shot by Cody McLeod.
6:37 of 2nd period - Deflect By Mike Zigomanis.
6:37 of 2nd period - Stopped by Anders Lindback with a rebound.
7:06 of 2nd period - Mike Zigomanis is hit by Blake Geoffrion and loses puck.
7:25 of 2nd period - Snap shot by Michael Ryder.
7:25 of 2nd period - Shot Blocked by David Fischer.
7:27 of 2nd period - Snap shot by Michael Ryder.
7:27 of 2nd period - Stopped by Anders Lindback with a rebound.
7:29 of 2nd period - Snap shot by Matt Gilroy.
7:29 of 2nd period - Deflect By Michael Ryder.
7:29 of 2nd period - Shot Misses the Net.
7:29 of 2nd period - Puck is out of play.
7:30 of 2nd period - Nathan Davis wins face-off versus Scott Laughton in Carnivores zone.
7:57 of 2nd period - Joey Laleggia is hit by Nicolas Kerdiles.
8:04 of 2nd period - Backhand shot by Akim Aliu.
8:04 of 2nd period - Deflect By Chris Terry.
8:04 of 2nd period - Shot Misses the Net.
8:04 of 2nd period - Puck is out of play.
8:05 of 2nd period - Scott Laughton wins face-off versus Nathan Davis in Carnivores zone.
8:53 of 2nd period - Zack Smith is hit by Maksim Mayorov.
9:11 of 2nd period - James Sheppard is hit by Scott Laughton and loses puck.
9:36 of 2nd period - Mark McNeill is hit by Stefan Chaput and loses puck.
9:52 of 2nd period - David Fischer is hit by James Marcou.
11:19 of 2nd period - Slapshot by David Schlemko.
11:19 of 2nd period - Shot Misses the Net.
11:33 of 2nd period - Dennis Persson is hit by Scott Laughton and loses puck.
11:55 of 2nd period - Snap shot by James Marcou.
11:55 of 2nd period - Stopped by Anders Lindback without a rebound.
11:56 of 2nd period - Cedric Paquette wins face-off versus Elias Lindholm in Carnivores zone.
12:21 of 2nd period - Nicolas Kerdiles is hit by Nathan Davis and loses puck.
12:26 of 2nd period - Slapshot by Milan Bartovic.
12:26 of 2nd period - Deflect By James Sheppard.
12:26 of 2nd period - Stopped by Anders Lindback with a rebound.
12:32 of 2nd period - Nathan Davis is hit by David Schlemko and loses puck.
12:39 of 2nd period - Backhand shot by Mark McNeill.
12:39 of 2nd period - Shot Misses the Net.
12:41 of 2nd period - Snap shot by David Schlemko.
12:41 of 2nd period - Shot Misses the Net.
12:43 of 2nd period - Snap shot by Mark McNeill.
12:43 of 2nd period - Stopped by Leland Irving without a rebound.
12:44 of 2nd period - Cody McLeod wins face-off versus Chris Lawrence in Rafales zone.
12:49 of 2nd period - Slapshot by Connor Murphy.
12:49 of 2nd period - Stopped by Anders Lindback with a rebound.
12:54 of 2nd period - Off-side.
12:55 of 2nd period - Anton Gustafsson wins face-off versus Mike Zigomanis in neutral zone.
13:00 of 2nd period - Snap shot by Nikita Alexeev.
13:00 of 2nd period - Shot Misses the Net.
13:08 of 2nd period - Slapshot by Michael Ryder.
13:08 of 2nd period - Shot Misses the Net.
13:28 of 2nd period - Off-side.
13:29 of 2nd period - Scott Laughton wins face-off versus Nathan Davis in neutral zone.
13:56 of 2nd period - Slapshot by Nikita Alexeev.
13:56 of 2nd period - Shot Blocked by Joey Laleggia.
14:44 of 2nd period - Wrist shot by Jeremy Williams.
14:44 of 2nd period - Stopped by Leland Irving with a rebound.
15:04 of 2nd period - Scott Laughton is hit by Chris Terry and loses puck.
15:17 of 2nd period - Slapshot by Connor Murphy.
15:17 of 2nd period - Shot Misses the Net.
15:23 of 2nd period - Slapshot by Chris Terry.
15:23 of 2nd period - Shot Blocked by Nate Schmidt.
15:25 of 2nd period - Snap shot by Connor Murphy.
15:25 of 2nd period - Stopped by Anders Lindback with a rebound.
15:27 of 2nd period - Snap shot by Connor Murphy.
15:27 of 2nd period - Stopped by Anders Lindback without a rebound.
15:28 of 2nd period - Anton Gustafsson wins face-off versus Cody McLeod in Carnivores zone.
15:53 of 2nd period - Julian Melchiori is hit by David Schlemko and loses puck.
16:22 of 2nd period - Julian Melchiori is hit by Zack Smith.
16:38 of 2nd period - Backhand shot by Mike Zigomanis.
16:38 of 2nd period - Shot Misses the Net.
16:40 of 2nd period - Wrist shot by Mike Zigomanis.
16:40 of 2nd period - Stopped by Anders Lindback with a rebound.
16:42 of 2nd period - Snap shot by Mike Zigomanis.
16:42 of 2nd period - Deflect By Cody McLeod.
16:42 of 2nd period - Stopped by Anders Lindback with a rebound.
16:44 of 2nd period - Snap shot by Dennis Persson.
16:44 of 2nd period - Shot Misses the Net.
16:46 of 2nd period - Wrist shot by Michael Ryder.
16:46 of 2nd period - Shot Blocked by Zack Smith.
16:48 of 2nd period - Slapshot by Mike Zigomanis.
16:48 of 2nd period - Shot Misses the Net.
16:54 of 2nd period - Snap shot by Mike Zigomanis.
16:54 of 2nd period - Stopped by Anders Lindback with a rebound.
16:56 of 2nd period - Slapshot by Michael Ryder.
16:56 of 2nd period - Stopped by Anders Lindback without a rebound.
16:57 of 2nd period - Nathan Davis wins face-off versus Anton Gustafsson in Carnivores zone.
17:32 of 2nd period - Mat Clark is hit by Chris Terry and loses puck.
17:46 of 2nd period - Double Minor Penalty to Scott Laughton for High sticking.
17:47 of 2nd period - Chris Lawrence wins face-off versus Nathan Davis in Carnivores zone.
17:47 of 2nd period - Chris Lawrence is hit by Milan Bartovic.
18:04 of 2nd period - Anton Gustafsson is hit by Nathan Davis and loses puck.
19:40 of 2nd period - Slapshot by David Fischer.
19:40 of 2nd period - Shot Blocked by Joey Laleggia.
Goals for this period are 1 for Carnivores vs 2 for Rafales.
Shots for this period are 3 for Carnivores vs 22 for Rafales.
3rd period
0:01 of 3rd period - Mike Zigomanis wins face-off versus Anton Gustafsson in neutral zone.
0:04 of 3rd period - Snap shot by Michael Ryder.
0:04 of 3rd period - Stopped by Anders Lindback with a rebound.
0:06 of 3rd period - Backhand shot by Cody McLeod.
0:06 of 3rd period - Shot Blocked by Nate Schmidt.
0:08 of 3rd period - Wrist shot by Michael Ryder.
0:08 of 3rd period - Goal by Michael Ryder - Carnivores : 3 - Rafales : 4.
0:09 of 3rd period - Mike Zigomanis wins face-off versus Anton Gustafsson in neutral zone.
0:12 of 3rd period - Blake Geoffrion is hit by Michael Ryder.
0:30 of 3rd period - Minor Penalty to Nikita Alexeev for Hooking.
0:31 of 3rd period - Mike Zigomanis wins face-off versus Anton Gustafsson in Carnivores zone.
0:42 of 3rd period - Wrist shot by Cody McLeod.
0:42 of 3rd period - Goal by Cody McLeod - Carnivores : 3 - Rafales : 5.
0:43 of 3rd period - Anton Gustafsson wins face-off versus Mike Zigomanis in neutral zone.
1:24 of 3rd period - David Fischer is hit by Cody McLeod and loses puck.
1:37 of 3rd period - Joey Laleggia is hit by Zack Smith and loses puck.
2:31 of 3rd period - Snap shot by James Marcou.
2:31 of 3rd period - Stopped by Anders Lindback without a rebound.
2:32 of 3rd period - Scott Laughton wins face-off versus Nathan Davis in Carnivores zone.
2:37 of 3rd period - Snap shot by Jeremy Welsh.
2:37 of 3rd period - Stopped by Leland Irving without a rebound.
2:38 of 3rd period - Scott Laughton wins face-off versus Nathan Davis in Rafales zone.
2:49 of 3rd period - Slapshot by Nate Schmidt.
2:49 of 3rd period - Shot Misses the Net.
2:51 of 3rd period - Wrist shot by Chris Lawrence.
2:51 of 3rd period - Stopped by Leland Irving with a rebound.
2:53 of 3rd period - Slapshot by Nate Schmidt.
2:53 of 3rd period - Stopped by Leland Irving without a rebound.
2:54 of 3rd period - Anton Gustafsson wins face-off versus Stefan Chaput in Rafales zone.
3:24 of 3rd period - Snap shot by Nikita Alexeev.
3:24 of 3rd period - Stopped by Leland Irving with a rebound.
3:26 of 3rd period - Snap shot by Blake Geoffrion.
3:26 of 3rd period - Stopped by Leland Irving with a rebound.
3:28 of 3rd period - Wrist shot by Blake Geoffrion.
3:28 of 3rd period - Shot Misses the Net.
3:30 of 3rd period - Snap shot by Anton Gustafsson.
3:30 of 3rd period - Stopped by Leland Irving without a rebound.
3:31 of 3rd period - Scott Laughton wins face-off versus Nathan Davis in Rafales zone.
3:34 of 3rd period - Wrist shot by Chris Lawrence.
3:34 of 3rd period - Shot Misses the Net.
4:03 of 3rd period - Snap shot by Nicolas Kerdiles.
4:03 of 3rd period - Stopped by Leland Irving without a rebound.
4:04 of 3rd period - Nathan Davis wins face-off versus Anton Gustafsson in Rafales zone.
4:14 of 3rd period - David Fischer is hit by Matt Gilroy and loses puck.
4:35 of 3rd period - Wrist shot by Jeremy Welsh.
4:35 of 3rd period - Stopped by Leland Irving with a rebound.
4:37 of 3rd period - Slapshot by David Fischer.
4:37 of 3rd period - Shot Misses the Net.
4:39 of 3rd period - Snap shot by Jeremy Welsh.
4:39 of 3rd period - Stopped by Leland Irving without a rebound.
4:40 of 3rd period - Anton Gustafsson wins face-off versus Mike Zigomanis in Rafales zone.
4:43 of 3rd period - Snap shot by Nikita Alexeev.
4:43 of 3rd period - Shot Misses the Net.
4:49 of 3rd period - Slapshot by Blake Geoffrion.
4:49 of 3rd period - Stopped by Leland Irving without a rebound.
4:50 of 3rd period - Mike Zigomanis wins face-off versus Anton Gustafsson in Rafales zone.
4:59 of 3rd period - Snap shot by Nikita Alexeev.
4:59 of 3rd period - Stopped by Leland Irving with a rebound.
5:01 of 3rd period - Wrist shot by Anton Gustafsson.
5:01 of 3rd period - Goal by Anton Gustafsson - Carnivores : 4 - Rafales : 5.
5:02 of 3rd period - Anton Gustafsson wins face-off versus Nathan Davis in neutral zone.
5:15 of 3rd period - Wrist shot by Anton Gustafsson.
5:15 of 3rd period - Stopped by Leland Irving without a rebound.
5:16 of 3rd period - Scott Laughton wins face-off versus Mike Zigomanis in Rafales zone.
5:20 of 3rd period - Minor Penalty to Jeremy Welsh for Hooking.
5:21 of 3rd period - Mike Zigomanis wins face-off versus Anton Gustafsson in Carnivores zone.
5:30 of 3rd period - Wrist shot by Michael Ryder.
5:30 of 3rd period - Stopped by Anders Lindback without a rebound.
5:31 of 3rd period - Mike Zigomanis wins face-off versus Anton Gustafsson in Carnivores zone.
5:34 of 3rd period - Slapshot by Michael Ryder.
5:34 of 3rd period - Shot Misses the Net.
6:02 of 3rd period - Wrist shot by Connor Murphy.
6:02 of 3rd period - Stopped by Anders Lindback without a rebound.
6:03 of 3rd period - Nathan Davis wins face-off versus Scott Laughton in Carnivores zone.
6:04 of 3rd period - Snap shot by James Sheppard.
6:04 of 3rd period - Shot Misses the Net.
6:06 of 3rd period - Wrist shot by James Sheppard.
6:06 of 3rd period - Goal by James Sheppard - Carnivores : 4 - Rafales : 6.
6:07 of 3rd period - Mike Zigomanis wins face-off versus Anton Gustafsson in neutral zone.
7:19 of 3rd period - Wrist shot by Jeremy Williams.
7:19 of 3rd period - Shot Blocked by Chris Terry.
8:29 of 3rd period - Snap shot by Chris Lawrence.
8:29 of 3rd period - Shot Misses the Net.
8:31 of 3rd period - Wrist shot by Scott Laughton.
8:31 of 3rd period - Shot Misses the Net.
8:33 of 3rd period - Slapshot by Chris Lawrence.
8:33 of 3rd period - Stopped by Leland Irving without a rebound.
8:34 of 3rd period - Anton Gustafsson wins face-off versus Mike Zigomanis in Rafales zone.
8:40 of 3rd period - Icing by Michael Ryder.
8:41 of 3rd period - Anton Gustafsson wins face-off versus Mike Zigomanis in Rafales zone.
9:28 of 3rd period - Snap shot by Cody McLeod.
9:28 of 3rd period - Deflect By Milan Bartovic.
9:28 of 3rd period - Shot Blocked by Mat Clark.
9:28 of 3rd period - Puck is out of play.
9:29 of 3rd period - Nathan Davis wins face-off versus Scott Laughton in Carnivores zone.
9:38 of 3rd period - Connor Murphy is hit by Jeremy Welsh and loses puck.
10:05 of 3rd period - Akim Aliu is hit by Nikita Alexeev and loses puck.
10:19 of 3rd period - Minor Penalty to Mark McNeill for Roughing.
10:20 of 3rd period - Anton Gustafsson wins face-off versus Mike Zigomanis in Carnivores zone.
11:17 of 3rd period - Slapshot by Julian Melchiori.
11:17 of 3rd period - Shot Misses the Net.
11:35 of 3rd period - Snap shot by Milan Bartovic.
11:35 of 3rd period - Shot Misses the Net.
11:37 of 3rd period - Snap shot by Milan Bartovic.
11:37 of 3rd period - Deflect By James Sheppard.
11:37 of 3rd period - Goal by James Sheppard - Carnivores : 4 - Rafales : 7.
11:38 of 3rd period - Nikita Alexeev wins face-off versus Mike Zigomanis in neutral zone.
11:54 of 3rd period - Off-side.
11:55 of 3rd period - Stefan Chaput wins face-off versus Scott Laughton in neutral zone.
12:01 of 3rd period - Minor Penalty to Nate Schmidt for Hooking.
12:02 of 3rd period - Anton Gustafsson wins face-off versus Mike Zigomanis in Carnivores zone.
12:36 of 3rd period - Slapshot by Nathan Davis.
12:36 of 3rd period - Shot Hit the Post.
12:38 of 3rd period - Slapshot by Connor Murphy.
12:38 of 3rd period - Deflect By Scott Laughton.
12:38 of 3rd period - Stopped by Anders Lindback without a rebound.
12:39 of 3rd period - Anton Gustafsson wins face-off versus Mike Zigomanis in Carnivores zone.
12:57 of 3rd period - Icing by Mike Zigomanis.
12:58 of 3rd period - Chris Lawrence wins face-off versus Nathan Davis in Rafales zone.
13:32 of 3rd period - Chris Lawrence is hit by Cody McLeod and loses puck.
14:01 of 3rd period - Penalty to Nate Schmidt is over, Nate Schmidt is back on ice.
14:02 of 3rd period - Mattias Backman is hit by Cody McLeod and loses puck.
14:11 of 3rd period - Stefan Chaput is hit by Nicolas Kerdiles and loses puck.
14:16 of 3rd period - Wrist shot by Nicolas Kerdiles.
14:16 of 3rd period - Shot Misses the Net.
14:34 of 3rd period - Jeremy Williams is hit by James Marcou.
14:44 of 3rd period - Snap shot by Jeremy Williams.
14:44 of 3rd period - Stopped by Leland Irving with a rebound.
15:23 of 3rd period - Slapshot by Chris Terry.
15:23 of 3rd period - Stopped by Anders Lindback without a rebound.
15:24 of 3rd period - Scott Laughton wins face-off versus Mike Zigomanis in Carnivores zone.
15:50 of 3rd period - Matt Gilroy is hit by David Schlemko and loses puck.
16:27 of 3rd period - Snap shot by Michael Ryder.
16:27 of 3rd period - Shot Misses the Net.
16:47 of 3rd period - Wrist shot by Cody McLeod.
16:47 of 3rd period - Stopped by Anders Lindback without a rebound.
16:48 of 3rd period - Nathan Davis wins face-off versus Anton Gustafsson in Carnivores zone.
16:59 of 3rd period - Snap shot by Blake Geoffrion.
16:59 of 3rd period - Stopped by Leland Irving without a rebound.
17:00 of 3rd period - Anton Gustafsson wins face-off versus Nathan Davis in Rafales zone.
17:26 of 3rd period - Julian Melchiori is hit by Elias Lindholm and loses puck.
17:57 of 3rd period - Wrist shot by Jeremy Williams.
17:57 of 3rd period - Stopped by Leland Irving with a rebound.
18:09 of 3rd period - Slapshot by Dylan McIlrath.
18:09 of 3rd period - Stopped by Anders Lindback without a rebound.
18:10 of 3rd period - Anton Gustafsson wins face-off versus Nathan Davis in Carnivores zone.
18:15 of 3rd period - Matt Gilroy is hit by Blake Geoffrion and loses puck.
18:26 of 3rd period - Snap shot by Nathan Davis.
18:26 of 3rd period - Stopped by Anders Lindback with a rebound.
18:28 of 3rd period - Slapshot by Connor Murphy.
18:28 of 3rd period - Stopped by Anders Lindback with a rebound.
18:51 of 3rd period - Minor Penalty to Nikita Alexeev for Roughing.
18:52 of 3rd period - Mike Zigomanis wins face-off versus Chris Lawrence in Carnivores zone.
19:08 of 3rd period - Wrist shot by Mike Zigomanis.
19:08 of 3rd period - Stopped by Anders Lindback without a rebound.
19:09 of 3rd period - Anton Gustafsson wins face-off versus Nathan Davis in Carnivores zone.
19:40 of 3rd period - Slapshot by Julian Melchiori.
19:40 of 3rd period - Shot Misses the Net.
19:42 of 3rd period - Wrist shot by Milan Bartovic.
19:42 of 3rd period - Stopped by Anders Lindback without a rebound.
19:43 of 3rd period - Mark McNeill wins face-off versus James Sheppard in Carnivores zone.
Goals for this period are 1 for Carnivores vs 4 for Rafales.
Shots for this period are 17 for Carnivores vs 16 for Rafales.
Back to the Top